 Dungeon Crawl Stone Soup version 0.30.0-10-gfe55d96785 (webtiles) character file.

Game seed: 4832841296379584882

74 qw the Chopper (level 4, -9/30 HPs)
             Began as a Gargoyle Cinder Acolyte on May 17, 2023.
             Was a High Priest of Ignis.
             Mangled by an ogre
             ... wielding a +0 giant spiked club
              (19 damage)
             ... on level 3 of the Dungeon.
             The game lasted 00:01:02 (1709 turns).

qw the Chopper (Gargoyle Cinder Acolyte)            Turns: 1709, Time: 00:01:03

Health: -9/30      AC: 21    Str: 19    XL:     4   Next: 28%
Magic:  5/5        EV:  5    Int: 15    God:    Ignis [*****.]
Gold:   54         SH:  0    Dex:  5    Spells: 5/5 levels left

rFire   + . .        Y - -1 hand axe (flame)
rCold   . . .        (no shield)
rNeg    + + .        a - +0 plate armour
rPois   inf          (no helmet)
rElec   +            (no cloak)
rCorr   .            (no gloves)
SInv    .            (no boots)
Will    .....        (no amulet) Stlth
                     k - ring of positive energy
HPRegen 0.25/turn    (no ring)
MPRegen 0.09/turn

%: no passive effects
@: fiery-armoured, flying
A: sickness immunity, AC +3, negative energy resistance 1, electricity
resistance, torment resistance 1, petrification resistance, big wings, talons 1,
robust 1
a: Renounce Religion, Fiery Armour, Foxfire Swarm, Rising Flame


You were on level 3 of the Dungeon.
You worshipped Ignis.
Ignis was extremely pleased with you.
You visited 1 branch of the dungeon, and saw 3 of its levels.

You collected 54 gold pieces.


Innate Abilities, Weirdness & Mutations

You are immune to sickness and miasma.
Your stone body is resilient. (AC +3)
You are immune to poison.
You resist negative energy. (rN+)
You are resistant to electric shocks. (rElec)
You are resistant to unholy torment.
You are immune to petrification.
Your large and strong wings let you fly.
You have sharp toenails.
You are robust. (+10% HP)


   Skills:
 - Level 3.2 Fighting
 + Level 4.1 Axes
 - Level 2.0 Armour
 - Level 1.0 Spellcasting
 - Level 3.0 Fire Magic


You had 5 spell levels left.
You didn't know any spells.
Your spell library contained the following spells:

 Spells                   Type           Power      Damage    Failure   Level
 Scorch                   Fire           18%        2d5       99%         2

Inventory:

Hand Weapons
 Y - a -1 hand axe of flaming (weapon)
Armour
 a - a +0 plate armour (worn)
Jewellery
 k - a ring of positive energy (left hand)
Scrolls
 b - a scroll of identify
Potions
 d - a potion of curing
 g - a potion of mutation
 j - a potion of might {unknown}
 l - a potion of lignification {unknown}

Dungeon Overview and Level Annotations

Branches:
Dungeon (3/15)

Altars:


Message History

There is a stone staircase leading up here.
Waypoint 2 assigned to D:3.
1673 ||| PLANNING SEWER A frilled lizard comes into view.
The frilled lizard hisses angrily.
You feel your willpower return.
You miss the frilled lizard.
The frilled lizard bites you but does no damage.
You barely miss the frilled lizard. Your kick misses the frilled lizard.
The frilled lizard bites you but does no damage.
You closely miss the frilled lizard.
The frilled lizard bites you but does no damage.
You miss the frilled lizard. Your kick misses the frilled lizard.
The frilled lizard bites you.
You hit the frilled lizard. You burn the frilled lizard.
You kill the frilled lizard!
You start resting.
HP restored.
An ogre comes into view. It is wielding a +0 giant spiked club.
You barely miss the ogre. You claw the ogre.
The ogre is lightly wounded.
The ogre hits you with a +0 giant spiked club!
You hit the ogre. You burn the ogre.
The ogre is moderately wounded.
The ogre hits you with a +0 giant spiked club.
You barely miss the ogre. You claw the ogre.
The ogre is heavily wounded.
You barely miss the ogre.
The ogre is heavily wounded.
The ogre hits you but does no damage.
You hit the ogre. You burn the ogre. You claw the ogre.
The ogre is severely wounded.
The ogre hits you with a +0 giant spiked club!
1708 ||| INVOKING Fiery Armour.
A protective cloak of flame settles atop you.
You hit the ogre. You burn the ogre. You claw the ogre, but do no damage.
The ogre is almost dead.
The ogre hits you with a +0 giant spiked club!!
Ouch! That really hurt!
You die...

#.# #### #.#
.... #.######
..... #......#
....
#..###@#...#
#..# #O#...##.
#..###........
#<.#.......###
##.#..........
###.#.#.#.####.
#............
#####.###....
#.# ..##~~


You could see an ogre.

Vanquished Creatures
  3 adders (D:2)
  A worm (D:2)
  A dart slug (D:1)
  An orc (D:2)
  6 bats
  2 endoplasms (D:2)
  A giant cockroach (D:1)
  4 hobgoblins (D:1)
  5 ball pythons
  4 frilled lizards
  4 goblins
  4 kobolds
  9 rats
45 creatures vanquished.

Notes
Turn   | Place    | Note
-------+----------+-------------------------------------------
     0 | D:1      | qw the Gargoyle Cinder Acolyte began the quest for the Orb.
     0 | D:1      | Reached XP level 1. HP: 14/14 MP: 2/2
     0 | D:1      | 0 ||| qw: Version: 0.2-a-95-g4c1bab1
     0 | D:1      | 0 ||| qw: Game counter: 120
     0 | D:1      | 0 ||| qw: Always use a shield: true
     0 | D:1      | 0 ||| qw: God list: Okawaru
     0 | D:1      | 0 ||| qw: Allow faded altars: false
     0 | D:1      | 0 ||| qw: Do Orc after D:15 true
     0 | D:1      | 0 ||| qw: Do second Lair branch before Depths: true
     0 | D:1      | 0 ||| qw: Lair rune preference: random
     0 | D:1      | 0 ||| qw: Plans: Normal
     0 | D:1      | 0 ||| PLANNING D:1-11
    25 | D:1      | 25 ||| INVOKING Fiery Armour.
   140 | D:1      | Reached skill level 3 in Axes
   197 | D:1      | Reached XP level 2. HP: 19/19 MP: 3/3
   230 | D:1      | 230 ||| Stepping ~*~*~tactically~*~*~ (stealth).
   231 | D:1      | 231 ||| Stepping ~*~*~tactically~*~*~ (stealth).
   715 | D:1      | 715 ||| Stepping ~*~*~tactically~*~*~ (hiding).
   728 | D:1      | Reached XP level 3. HP: 20/23 MP: 4/4
   949 | D:1      | 949 ||| UPGRADING to +0 chain mail.
   959 | D:1      | 959 ||| DROPPING +0 robe.
   960 | D:1      | 960 ||| READING 2 scrolls labelled PEX FOFYVUIT.
   961 | D:1      | 961 ||| READING scroll labelled UFILYO ONKINA.
   962 | D:1      | 962 ||| READING scroll labelled CUUQOF EGEAGE.
   963 | D:1      | 963 ||| DRINKING 2 amethyst potions.
   963 | D:1      | Gained mutation: You are robust. (+10% HP) [potion of
                  | mutation]
   963 | D:1      | Gained mutation: You have sharp toenails. [potion of
                  | mutation]
   963 | D:1      | Gained mutation: Your large and strong wings let you fly.
                  | [potion of mutation]
   968 | D:1      | 968 ||| DROPPING scroll of poison.
   996 | D:2      | Reached skill level 1 in Armour
  1014 | D:2      | Reached skill level 4 in Axes
  1183 | D:2      | Found a faded altar of an unknown god.
  1388 | D:2      | 1388 ||| Stepping ~*~*~tactically~*~*~ (stealth).
  1400 | D:2      | 1400 ||| Stepping ~*~*~tactically~*~*~ (stealth).
  1408 | D:2      | Reached XP level 4. HP: 30/30 MP: 5/5
  1456 | D:2      | 1456 ||| Stepping ~*~*~tactically~*~*~ (stealth).
  1459 | D:2      | 1459 ||| Stepping ~*~*~tactically~*~*~ (stealth).
  1630 | D:2      | 1630 ||| UPGRADING to +0 plate armour.
  1640 | D:2      | 1640 ||| DROPPING +0 chain mail.
  1641 | D:2      | 1641 ||| UPGRADING to ring of positive energy.
  1642 | D:2      | 1642 ||| READING 3 scrolls labelled MIAGGI YTYAR.
  1643 | D:2      | 1643 ||| READING scroll labelled ELALLE ATWI.
  1644 | D:2      | 1644 ||| READING scroll labelled GAW USKEWYN COONG.
  1645 | D:2      | 1645 ||| READING scroll labelled ZUEFRA TUHE.
  1646 | D:2      | 1646 ||| READING scroll labelled MARETYTOGG.
  1647 | D:2      | 1647 ||| DRINKING 2 viscous amethyst potions.
  1648 | D:2      | 1648 ||| READING 2 scrolls of identify.
  1648 | D:2      | 1648 ||| IDENTIFYING fuming green potion
  1649 | D:2      | 1649 ||| DROPPING potion of magic.
  1673 | D:3      | 1673 ||| PLANNING SEWER
  1696 | D:3      | Noticed an ogre
  1708 | D:3      | 1708 ||| INVOKING Fiery Armour.
  1709 | D:3      | Mangled by an ogre

Levels and vault maps discovered:
D:1:      dpeg_arrival_ratfight, layout_basic
D:2:      layout_basic, shapermc_ecumenical_altar_flowoftime,
          minmay_misc_feat_four_crosses, hangedman_decor_opposing
D:3:      layout_basic, nicolae_overflow_hidden_temple,
          mainiacjoe_overflow_large_starburst, cheibrodos_sewer_entry_sluice,
          minmay_ogre_servants, uniq_ijyb, uniq_crazy_yiuf_cottage

Skill      XL: |  1  2  3  4 |
---------------+-------------+-----
Axes           | 3 4 |  4.1
Armour         | 1 2 |  2.0
Fighting       | |  3.2
Spellcasting   | |  1.0
Fire Magic     | |  3.0

Action                     |  1- 3 |  4- 6 || total
---------------------------+-------+-------++-------
  Melee: Hand axe          |   125 |    32 ||   157
         Kick              |     4 |     7 ||    11
 Invoke: Fiery Armour      |     1 |     1 ||     2
    Use: Scroll            |     3 |     6 ||     9
         Potion            |     1 |     1 ||     2
 Armour: Robe              |    33 |       ||    33
         Chain mail        |    27 |    11 ||    38
         Plate armour      |       |     4 ||     4
  Dodge: Dodged            |    65 |     2 ||    67

Table legend:
 A = Non-vault XP
 B = Vault XP
 C = Vault XP percentage of total XP
 D = Non-vault monster count
 E = Vault monster count
 F = Vault count percentage of total count
                 A         B        C        D         E       F
            +---------+---------+-------+---------+---------+-------
      Total |     101 |       5 |   4.7 |      40 |       5 |  11.1
            +---------+---------+-------+---------+---------+-------
        D:1 |      33 |       5 |  13.2 |      21 |       5 |  19.2
        D:2 |      67 |       0 |   0.0 |      18 |       0 |   0.0
        D:3 |       1 |       0 |   0.0 |       1 |       0 |   0.0
            +---------+---------+-------+---------+---------+-------
